Connexion

PITTSBURGH Penguins vs TAMPA BAY Lightning (R3)

Created - 15 février 2024 at 05:53

Goals
1 2 3 T
PITTSBURGH Penguins 2 3 2 7
TAMPA BAY Lightning 1 1 1 3
Shots
1 2 3 T
PITTSBURGH Penguins 14 14 16 44
TAMPA BAY Lightning 11 10 7 28

GoalsPenalties
1st period
1. PITTSBURGH Penguins , Will Butcher 18 (Brad Marchand 38, Jake Gardiner 40) at 5:48 (PP)
2. TAMPA BAY Lightning , Anders Lee 26 (Ivan Provorov 61, Evander Kane 37) at 6:23 (PP)
3. PITTSBURGH Penguins , Will Butcher 19 (Jake Gardiner 41, Milan Lucic 4) at 9:40
Martin Fehervary (T.B) for Interference (Minor) at 4:11
Will Butcher (PIT) for High sticking (Minor) at 6:08
Anders Lee (T.B) for Interference (Minor) at 6:56
Evander Kane (T.B) for Unsportsmanlike conduct (Minor) at 10:17
Artem Zub (T.B) for Hooking (Minor) at 11:49
Ryan McDonagh (T.B) for Hooking (Minor) at 12:22
Brad Marchand (PIT) for High sticking (Minor) at 12:22
Andrei Svechnikov (PIT) for Slashing (Minor) at 19:17
2nd period
4. TAMPA BAY Lightning , Evander Kane 33 (Kent Johnson 21, Ryan McDonagh 48) at 9:07
5. PITTSBURGH Penguins , Gustav Nyquist 22 (Anton Lindholm 34, William Nylander 21) at 10:59 (PP)
6. PITTSBURGH Penguins , Andrei Svechnikov 10 (Justin Kloos 7) at 16:23
7. PITTSBURGH Penguins , Alexander Barabanov 10 (Trevor Carrick 16) at 16:41
Ivan Provorov (T.B) for Roughing (Minor) at 5:26
Ivan Provorov (T.B) for Tripping (Minor) at 9:43
Evander Kane (T.B) for Delaying the game (Minor) at 17:08
Brad Marchand (PIT) for Tripping (Minor) at 17:08
3rd period
8. TAMPA BAY Lightning , Anders Lee 27 (Mark Friedman 29, Evgeny Kuznetsov 46) at 3:04
9. PITTSBURGH Penguins , Connor McDavid 27 (Oliver Bjorkstrand 32, Brad Marchand 39) at 9:46 (PP)
10. PITTSBURGH Penguins , Andrei Svechnikov 11 (Milan Lucic 5, Anton Lindholm 35) at 10:08
Brad Marchand (PIT) for Interference (Minor) at 0:11
Ross Colton (PIT) for Slashing (Minor) at 4:23
Jake Gardiner (PIT) for Tripping (Minor) at 5:25
Lawson Crouse (T.B) for Holding (Minor) at 9:28
Goalie Stats
Darcy Kuemper (PIT), 25 saves from 28 shots - (0,893), W, 29-19-6, 60:00 minutes
Garret Sparks (T.B), 37 saves from 44 shots - (0,841), L, 4-6-1, 60:00 minutes
3 StarsOfficial
1 - Andrei Svechnikov (PIT)
2 - Milan Lucic (PIT)
3 - Will Butcher (PIT)
Referees : Rob Martell and Dean Morton
Linesman : Lonnie Cameron and Mark Pare
Game Note
No Game Note
Finance
Level 1 -- Attendance: 5706 (95,10%) -- Ticket Income $730,368
Level 2 -- Attendance: 5850 (86,56%) -- Ticket Income $409,500
Level 3 -- Attendance: 2000 (100,00%) -- Ticket Income $110,000
Level 4 -- Attendance: 3855 (96,38%) -- Ticket Income $123,360
Luxury Box -- Attendance: 1000 (100,00%) -- Ticket Income $300,000
Game was played at the St. Pete Times Forum.
Total Attendance: 18411 (93,18%)
Total Ticket Income: $1,673,228
Other Income: $334,646
Total Income: $2,007,874



Team Name Goals Shots Shots Attemp Shots Blocked PIM HIT PP PK FO%
PITTSBURGH Penguins 74478514203 / 7 (43%)143%
TAMPA BAY Lightning 328511018231 / 5 (20%)357%

PITTSBURGH Penguins
Player Name POS G A P +/- PIM HIT SHT SB MP PP MP PP SHT PK MP PK SHT FO% FOT
Adam LarssonD0002010020:473:5704:2000% 0
Alexander BarabanovLW/RW1011003011:230:0000:000100% 1
Andrei SvechnikovLW/RW2023258020:553:4731:1800% 3
Anton LindholmD0222002120:143:5723:4700% 0
Brad MarchandLW/RW022-2664023:155:2603:0000% 0
Connor McDavidC101-2012027:155:2714:26045% 38
Gustav NyquistC/LW/RW10100010016:303:4721:13050% 4
Jake GardinerD022-1211225:235:1712:2400% 0
Justin KloosC/RW011300102:470:0000:00050% 6
Kevin ConnautonD0001000013:200:0000:0000% 0
Matthew NietoLW/RW000000002:090:0001:3900% 0
Milan LucicLW022300002:470:0000:0000% 0
Oliver Bjorkstrand LW/RW011-2011021:575:2700:42067% 3
Ross ColtonC0001224012:350:0001:13058% 19
Trevor CarrickD0111010114:040:0000:4400% 0
Vitali KravtsovRW0001001111:230:0000:0000% 0
Will ButcherD202-1227026:105:1753:1200% 0
William NylanderC/RW0110000014:503:4700:00023% 22
TAMPA BAY Lightning
Player Name POS G A P +/- PIM HIT SHT SB MP PP MP PP SHT PK MP PK SHT FO% FOT
Anders LeeC/LW202-1225020:293:5120:0000% 0
Artem ZubD0000220117:250:0003:1100% 0
Cole SillingerC000-1004012:003:1210:00036% 14
Denis MalginC/LW/RW000-100004:550:0000:00050% 2
Evander KaneC/LW/RW1121442015:473:5100:140100% 1
Evgeny KuznetsovC011-1012020:413:5110:11048% 25
Ivan ProvorovD011-1421224:354:0203:5800% 0
Jesperi KotkaniemiC/LW000-1003010:130:0003:09189% 9
Josh MahuraD000-1020011:530:0000:1900% 0
Kent JohnsonC/LW0111003015:073:2310:0000% 0
Lawson CrouseLW/RW000-1240022:453:2302:4400% 1
Mark FriedmanD0110000122:463:1205:2000% 0
Martin FehervaryD000-1232114:100:0002:5600% 0
Oskar SundqvistC0001013115:073:2300:00064% 25
Peter CehlarikLW/RW000-1010110:200:0005:4900% 0
Rasmus AsplundC/RW000-1002114:400:0005:52083% 12
Ryan McDonagh D011-1201225:544:0215:3400% 0
Sam SteelC000-101005:590:0001:28029% 7



Play-by-Play

1st period


0:01 of 1st period - Evgeny Kuznetsov wins face-off versus Connor McDavid in neutral zone.
0:10 of 1st period - Shot by Brad Marchand.
0:10 of 1st period - Shot Blocked by Ivan Provorov.
0:51 of 1st period - Icing by Ivan Provorov.
0:52 of 1st period - Evgeny Kuznetsov wins face-off versus Andrei Svechnikov in TAMPA BAY Lightning zone.
1:49 of 1st period - Icing by Trevor Carrick.
1:50 of 1st period - Cole Sillinger wins face-off versus Ross Colton in PITTSBURGH Penguins zone.
2:07 of 1st period - Shot by Cole Sillinger.
2:07 of 1st period - Stopped by Darcy Kuemper without a rebound.
2:08 of 1st period - Connor McDavid wins face-off versus Sam Steel in PITTSBURGH Penguins zone.
2:21 of 1st period - Shot by Connor McDavid.
2:21 of 1st period - Shot Blocked by Ivan Provorov.
2:38 of 1st period - Peter Cehlarik is hit by Jake Gardiner and loses puck.
3:00 of 1st period - Jake Gardiner is hit by Josh Mahura and loses puck.
3:17 of 1st period - Shot by Jesperi Kotkaniemi.
3:17 of 1st period - Stopped by Darcy Kuemper without a rebound.
3:18 of 1st period - Justin Kloos wins face-off versus Oskar Sundqvist in PITTSBURGH Penguins zone.
3:18 of 1st period - Justin Kloos is hit by Evander Kane.
3:36 of 1st period - Shot by Andrei Svechnikov.
3:36 of 1st period - Stopped by Garret Sparks without a rebound.
3:37 of 1st period - Ross Colton wins face-off versus Evgeny Kuznetsov in TAMPA BAY Lightning zone.
3:41 of 1st period - Ross Colton is hit by Martin Fehervary and loses puck.
4:06 of 1st period - Shot by Vitali Kravtsov.
4:06 of 1st period - Shot Misses the Net.
4:08 of 1st period - Shot by Adam Larsson.
4:08 of 1st period - Shot Misses the Net.
4:10 of 1st period - Shot by Vitali Kravtsov.
4:10 of 1st period - Shot Misses the Net.
4:11 of 1st period - Minor Penalty to Martin Fehervary for Interference.
4:12 of 1st period - Rasmus Asplund wins face-off versus William Nylander in TAMPA BAY Lightning zone.
4:23 of 1st period - Shot by Jake Gardiner.
4:23 of 1st period - Shot Blocked by Peter Cehlarik.
4:25 of 1st period - Shot by Jake Gardiner.
4:25 of 1st period - Stopped by Garret Sparks without a rebound.
4:26 of 1st period - Rasmus Asplund wins face-off versus Connor McDavid in TAMPA BAY Lightning zone.
4:26 of 1st period - Peter Cehlarik is hit by Brad Marchand and loses puck.
4:31 of 1st period - Shot by Anton Lindholm.
4:31 of 1st period - Stopped by Garret Sparks without a rebound.
4:32 of 1st period - Rasmus Asplund wins face-off versus Connor McDavid in TAMPA BAY Lightning zone.
5:01 of 1st period - Rasmus Asplund is hit by Brad Marchand and loses puck.
5:06 of 1st period - Shot by Jake Gardiner.
5:06 of 1st period - Shot Misses the Net.
5:08 of 1st period - Shot by Will Butcher.
5:08 of 1st period - Stopped by Garret Sparks without a rebound.
5:09 of 1st period - Jesperi Kotkaniemi wins face-off versus William Nylander in TAMPA BAY Lightning zone.
5:22 of 1st period - Shot by Anton Lindholm.
5:22 of 1st period - Stopped by Garret Sparks without a rebound.
5:23 of 1st period - William Nylander wins face-off versus Jesperi Kotkaniemi in TAMPA BAY Lightning zone.
5:32 of 1st period - Shot by Andrei Svechnikov.
5:32 of 1st period - Stopped by Garret Sparks without a rebound.
5:33 of 1st period - Rasmus Asplund wins face-off versus Oliver Bjorkstrand in TAMPA BAY Lightning zone.
5:41 of 1st period - Will Butcher is hit by Artem Zub and loses puck.
5:46 of 1st period - Shot by Brad Marchand.
5:46 of 1st period - Shot Misses the Net.
5:48 of 1st period - Shot by Will Butcher.
5:48 of 1st period - Goal by Will Butcher - PITTSBURGH Penguins : 1 - TAMPA BAY Lightning : 0.
5:49 of 1st period - Oskar Sundqvist wins face-off versus William Nylander in neutral zone.
5:56 of 1st period - Icing by Ryan McDonagh .
5:57 of 1st period - Oskar Sundqvist wins face-off versus William Nylander in TAMPA BAY Lightning zone.
5:57 of 1st period - Oskar Sundqvist is hit by Andrei Svechnikov.
6:08 of 1st period - Minor Penalty to Will Butcher for High sticking.
6:09 of 1st period - Connor McDavid wins face-off versus Evgeny Kuznetsov in PITTSBURGH Penguins zone.
6:09 of 1st period - Connor McDavid is hit by Evander Kane.
6:23 of 1st period - Shot by Anders Lee.
6:23 of 1st period - Goal by Anders Lee - PITTSBURGH Penguins : 1 - TAMPA BAY Lightning : 1.
6:24 of 1st period - Cole Sillinger wins face-off versus William Nylander in neutral zone.
6:24 of 1st period - Rasmus Asplund is hit by Andrei Svechnikov and loses puck.
6:39 of 1st period - Shot by Gustav Nyquist.
6:39 of 1st period - Stopped by Garret Sparks without a rebound.
6:40 of 1st period - Connor McDavid wins face-off versus Evgeny Kuznetsov in TAMPA BAY Lightning zone.
6:56 of 1st period - Minor Penalty to Anders Lee for Interference.
6:57 of 1st period - William Nylander wins face-off versus Rasmus Asplund in TAMPA BAY Lightning zone.
7:00 of 1st period - Shot by Andrei Svechnikov.
7:00 of 1st period - Stopped by Garret Sparks without a rebound.
7:01 of 1st period - Rasmus Asplund wins face-off versus Connor McDavid in TAMPA BAY Lightning zone.
7:36 of 1st period - Shot by Connor McDavid.
7:36 of 1st period - Shot Misses the Net.
7:38 of 1st period - Shot by Brad Marchand.
7:38 of 1st period - Shot Misses the Net.
7:40 of 1st period - Shot by Brad Marchand.
7:40 of 1st period - Shot Misses the Net.
7:42 of 1st period - Shot by Connor McDavid.
7:42 of 1st period - Shot Misses the Net.
7:44 of 1st period - Shot by Oliver Bjorkstrand .
7:44 of 1st period - Shot Misses the Net.
8:56 of 1st period - Jake Gardiner is hit by Evander Kane and loses puck.
9:14 of 1st period - Shot by Kent Johnson.
9:14 of 1st period - Deflect By Evander Kane.
9:14 of 1st period - Stopped by Darcy Kuemper with a rebound.
9:16 of 1st period - Shot by Martin Fehervary.
9:16 of 1st period - Stopped by Darcy Kuemper without a rebound.
9:17 of 1st period - Evgeny Kuznetsov wins face-off versus Justin Kloos in PITTSBURGH Penguins zone.
9:18 of 1st period - Shot by Anders Lee.
9:18 of 1st period - Shot Blocked by Jake Gardiner.
9:23 of 1st period - Milan Lucic is hit by Josh Mahura and loses puck.
9:40 of 1st period - Shot by Will Butcher.
9:40 of 1st period - Goal by Will Butcher - PITTSBURGH Penguins : 2 - TAMPA BAY Lightning : 1.
9:41 of 1st period - Oskar Sundqvist wins face-off versus Connor McDavid in neutral zone.
9:50 of 1st period - Shot by Evander Kane.
9:50 of 1st period - Shot Blocked by Trevor Carrick.
10:17 of 1st period - Minor Penalty to Evander Kane for Unsportsmanlike conduct.
10:18 of 1st period - Rasmus Asplund wins face-off versus William Nylander in TAMPA BAY Lightning zone.
10:23 of 1st period - Gustav Nyquist is hit by Peter Cehlarik and loses puck.
10:34 of 1st period - Shot by Gustav Nyquist.
10:34 of 1st period - Stopped by Garret Sparks without a rebound.
10:35 of 1st period - Rasmus Asplund wins face-off versus Connor McDavid in TAMPA BAY Lightning zone.
10:35 of 1st period - Rasmus Asplund is hit by Brad Marchand.
10:51 of 1st period - Shot by Will Butcher.
10:51 of 1st period - Stopped by Garret Sparks without a rebound.
10:52 of 1st period - Rasmus Asplund wins face-off versus William Nylander in TAMPA BAY Lightning zone.
11:49 of 1st period - Shot by Will Butcher.
11:49 of 1st period - Stopped by Garret Sparks without a rebound.
11:49 of 1st period - Minor Penalty to Artem Zub for Hooking.
11:50 of 1st period - Sam Steel wins face-off versus Connor McDavid in TAMPA BAY Lightning zone.
12:22 of 1st period - Minor Penalty to Ryan McDonagh for Hooking.
12:22 of 1st period - Minor Penalty to Brad Marchand for High sticking.
12:23 of 1st period - Sam Steel wins face-off versus Connor McDavid in TAMPA BAY Lightning zone.
13:23 of 1st period - Icing by Matthew Nieto.
13:24 of 1st period - Jesperi Kotkaniemi wins face-off versus William Nylander in PITTSBURGH Penguins zone.
13:27 of 1st period - Shot by Jesperi Kotkaniemi.
13:27 of 1st period - Stopped by Darcy Kuemper without a rebound.
13:28 of 1st period - Connor McDavid wins face-off versus Sam Steel in PITTSBURGH Penguins zone.
13:28 of 1st period - Connor McDavid is hit by Sam Steel.
14:05 of 1st period - Icing by Will Butcher.
14:06 of 1st period - Cole Sillinger wins face-off versus Connor McDavid in PITTSBURGH Penguins zone.
14:07 of 1st period - Shot by Rasmus Asplund.
14:07 of 1st period - Stopped by Darcy Kuemper without a rebound.
14:08 of 1st period - Cole Sillinger wins face-off versus Gustav Nyquist in PITTSBURGH Penguins zone.
15:00 of 1st period - Shot by Anders Lee.
15:00 of 1st period - Stopped by Darcy Kuemper without a rebound.
15:01 of 1st period - William Nylander wins face-off versus Oskar Sundqvist in PITTSBURGH Penguins zone.
15:01 of 1st period - William Nylander is hit by Evander Kane.
15:56 of 1st period - Shot by Jesperi Kotkaniemi.
15:56 of 1st period - Stopped by Darcy Kuemper without a rebound.
15:57 of 1st period - Connor McDavid wins face-off versus Evgeny Kuznetsov in PITTSBURGH Penguins zone.
16:34 of 1st period - Shot by Will Butcher.
16:34 of 1st period - Shot Blocked by Ryan McDonagh .
16:36 of 1st period - Shot by Will Butcher.
16:36 of 1st period - Stopped by Garret Sparks without a rebound.
16:37 of 1st period - Jesperi Kotkaniemi wins face-off versus Ross Colton in TAMPA BAY Lightning zone.
17:23 of 1st period - Icing by Alexander Barabanov.
17:24 of 1st period - Ross Colton wins face-off versus Evgeny Kuznetsov in PITTSBURGH Penguins zone.
17:24 of 1st period - Ross Colton is hit by Lawson Crouse.
18:52 of 1st period - Shot by Oskar Sundqvist.
18:52 of 1st period - Stopped by Darcy Kuemper with a rebound.
19:17 of 1st period - Minor Penalty to Andrei Svechnikov for Slashing.
19:18 of 1st period - Ross Colton wins face-off versus Evgeny Kuznetsov in PITTSBURGH Penguins zone.
19:35 of 1st period - Shot by Evander Kane.
19:35 of 1st period - Shot Misses the Net.
19:37 of 1st period - Shot by Anders Lee.
19:37 of 1st period - Shot Blocked by Anton Lindholm.
19:39 of 1st period - Shot by Ryan McDonagh .
19:39 of 1st period - Stopped by Darcy Kuemper without a rebound.
19:40 of 1st period - Ross Colton wins face-off versus Oskar Sundqvist in PITTSBURGH Penguins zone.
Goals for this period are 2 for PITTSBURGH Penguins vs 1 for TAMPA BAY Lightning.
Shots for this period are 14 for PITTSBURGH Penguins vs 11 for TAMPA BAY Lightning.

2nd period


0:01 of 2nd period - Connor McDavid wins face-off versus Evgeny Kuznetsov in neutral zone.
0:28 of 2nd period - Shot by Evgeny Kuznetsov.
0:28 of 2nd period - Stopped by Darcy Kuemper without a rebound.
0:29 of 2nd period - Connor McDavid wins face-off versus Lawson Crouse in PITTSBURGH Penguins zone.
0:29 of 2nd period - Connor McDavid is hit by Oskar Sundqvist.
0:54 of 2nd period - Shot by Cole Sillinger.
0:54 of 2nd period - Stopped by Darcy Kuemper without a rebound.
0:55 of 2nd period - Evgeny Kuznetsov wins face-off versus Connor McDavid in PITTSBURGH Penguins zone.
1:30 of 2nd period - Shot by Peter Cehlarik.
1:30 of 2nd period - Shot Misses the Net.
1:51 of 2nd period - Peter Cehlarik is hit by Trevor Carrick and loses puck.
2:38 of 2nd period - Shot by Ryan McDonagh .
2:38 of 2nd period - Shot Misses the Net.
2:45 of 2nd period - Jake Gardiner is hit by Evgeny Kuznetsov and loses puck.
3:34 of 2nd period - Shot by Kent Johnson.
3:34 of 2nd period - Shot Misses the Net.
3:54 of 2nd period - Shot by Ross Colton.
3:54 of 2nd period - Stopped by Garret Sparks without a rebound.
3:55 of 2nd period - Gustav Nyquist wins face-off versus Cole Sillinger in TAMPA BAY Lightning zone.
4:10 of 2nd period - Shot by Cole Sillinger.
4:10 of 2nd period - Stopped by Darcy Kuemper with a rebound.
4:32 of 2nd period - Cole Sillinger is hit by Andrei Svechnikov.
5:15 of 2nd period - Icing by Trevor Carrick.
5:16 of 2nd period - Ross Colton wins face-off versus Evgeny Kuznetsov in PITTSBURGH Penguins zone.
5:16 of 2nd period - Vitali Kravtsov is hit by Lawson Crouse and loses puck.
5:26 of 2nd period - Minor Penalty to Ivan Provorov for Roughing.
5:27 of 2nd period - Rasmus Asplund wins face-off versus Connor McDavid in TAMPA BAY Lightning zone.
6:47 of 2nd period - Shot by Andrei Svechnikov.
6:47 of 2nd period - Stopped by Garret Sparks without a rebound.
6:48 of 2nd period - Jesperi Kotkaniemi wins face-off versus Connor McDavid in TAMPA BAY Lightning zone.
6:59 of 2nd period - Shot by Jake Gardiner.
6:59 of 2nd period - Shot Blocked by Rasmus Asplund.
7:01 of 2nd period - Shot by Jake Gardiner.
7:01 of 2nd period - Shot Misses the Net.
7:15 of 2nd period - Shot by Will Butcher.
7:15 of 2nd period - Stopped by Garret Sparks without a rebound.
7:16 of 2nd period - Jesperi Kotkaniemi wins face-off versus William Nylander in TAMPA BAY Lightning zone.
7:29 of 2nd period - Shot by Gustav Nyquist.
7:29 of 2nd period - Stopped by Garret Sparks without a rebound.
7:30 of 2nd period - Evgeny Kuznetsov wins face-off versus Ross Colton in TAMPA BAY Lightning zone.
7:40 of 2nd period - Icing by Trevor Carrick.
7:41 of 2nd period - Ross Colton wins face-off versus Oskar Sundqvist in PITTSBURGH Penguins zone.
7:48 of 2nd period - Shot by Ross Colton.
7:48 of 2nd period - Stopped by Garret Sparks without a rebound.
7:49 of 2nd period - Evgeny Kuznetsov wins face-off versus Andrei Svechnikov in TAMPA BAY Lightning zone.
9:07 of 2nd period - Shot by Evander Kane.
9:07 of 2nd period - Goal by Evander Kane - PITTSBURGH Penguins : 2 - TAMPA BAY Lightning : 2.
9:08 of 2nd period - Ross Colton wins face-off versus Cole Sillinger in neutral zone.
9:11 of 2nd period - Shot by Alexander Barabanov.
9:11 of 2nd period - Stopped by Garret Sparks with a rebound.
9:20 of 2nd period - Icing by Jesperi Kotkaniemi.
9:21 of 2nd period - Oliver Bjorkstrand wins face-off versus Cole Sillinger in TAMPA BAY Lightning zone.
9:32 of 2nd period - Shot by Cole Sillinger.
9:32 of 2nd period - Stopped by Darcy Kuemper without a rebound.
9:33 of 2nd period - Oskar Sundqvist wins face-off versus William Nylander in PITTSBURGH Penguins zone.
9:34 of 2nd period - Shot by Ryan McDonagh .
9:34 of 2nd period - Shot Misses the Net.
9:43 of 2nd period - Minor Penalty to Ivan Provorov for Tripping.
9:44 of 2nd period - Connor McDavid wins face-off versus Rasmus Asplund in TAMPA BAY Lightning zone.
9:56 of 2nd period - Oliver Bjorkstrand is hit by Martin Fehervary and loses puck.
10:55 of 2nd period - Shot by William Nylander.
10:55 of 2nd period - Shot Misses the Net.
10:57 of 2nd period - Shot by Anton Lindholm.
10:57 of 2nd period - Shot Misses the Net.
10:59 of 2nd period - Shot by Anton Lindholm.
10:59 of 2nd period - Deflect By Gustav Nyquist.
10:59 of 2nd period - Goal by Gustav Nyquist - PITTSBURGH Penguins : 3 - TAMPA BAY Lightning : 2.
11:00 of 2nd period - Evgeny Kuznetsov wins face-off versus Ross Colton in neutral zone.
11:19 of 2nd period - Shot by Ross Colton.
11:19 of 2nd period - Stopped by Garret Sparks with a rebound.
11:21 of 2nd period - Shot by Vitali Kravtsov.
11:21 of 2nd period - Shot Misses the Net.
11:23 of 2nd period - Shot by Ross Colton.
11:23 of 2nd period - Stopped by Garret Sparks without a rebound.
11:24 of 2nd period - Oskar Sundqvist wins face-off versus William Nylander in TAMPA BAY Lightning zone.
11:29 of 2nd period - Shot by Kent Johnson.
11:29 of 2nd period - Stopped by Darcy Kuemper without a rebound.
11:30 of 2nd period - Oskar Sundqvist wins face-off versus William Nylander in PITTSBURGH Penguins zone.
12:10 of 2nd period - Icing by Ivan Provorov.
12:11 of 2nd period - Connor McDavid wins face-off versus Oskar Sundqvist in TAMPA BAY Lightning zone.
12:11 of 2nd period - Will Butcher is hit by Ivan Provorov and loses puck.
12:20 of 2nd period - Shot by Oskar Sundqvist.
12:20 of 2nd period - Stopped by Darcy Kuemper without a rebound.
12:21 of 2nd period - Connor McDavid wins face-off versus Evgeny Kuznetsov in PITTSBURGH Penguins zone.
13:23 of 2nd period - Jesperi Kotkaniemi is hit by Brad Marchand and loses puck.
13:34 of 2nd period - Shot by Andrei Svechnikov.
13:34 of 2nd period - Shot Misses the Net.
13:42 of 2nd period - Shot by Gustav Nyquist.
13:42 of 2nd period - Stopped by Garret Sparks without a rebound.
13:43 of 2nd period - Oskar Sundqvist wins face-off versus Ross Colton in TAMPA BAY Lightning zone.
13:43 of 2nd period - Oskar Sundqvist is hit by Ross Colton.
15:53 of 2nd period - Shot by Brad Marchand.
15:53 of 2nd period - Shot Blocked by Artem Zub.
16:21 of 2nd period - Shot by Oliver Bjorkstrand .
16:21 of 2nd period - Deflect By Brad Marchand.
16:21 of 2nd period - Stopped by Garret Sparks without a rebound.
16:22 of 2nd period - Justin Kloos wins face-off versus Sam Steel in TAMPA BAY Lightning zone.
16:23 of 2nd period - Shot by Andrei Svechnikov.
16:23 of 2nd period - Goal by Andrei Svechnikov - PITTSBURGH Penguins : 4 - TAMPA BAY Lightning : 2.
16:24 of 2nd period - Oskar Sundqvist wins face-off versus Justin Kloos in neutral zone.
16:35 of 2nd period - Off-side.
16:36 of 2nd period - Alexander Barabanov wins face-off versus Cole Sillinger in neutral zone.
16:41 of 2nd period - Shot by Alexander Barabanov.
16:41 of 2nd period - Goal by Alexander Barabanov - PITTSBURGH Penguins : 5 - TAMPA BAY Lightning : 2.
16:42 of 2nd period - Oskar Sundqvist wins face-off versus Connor McDavid in neutral zone.
16:44 of 2nd period - Off-side.
16:45 of 2nd period - Oskar Sundqvist wins face-off versus Connor McDavid in neutral zone.
16:45 of 2nd period - Oskar Sundqvist is hit by Brad Marchand.
17:06 of 2nd period - Kent Johnson is hit by Brad Marchand and loses puck.
17:08 of 2nd period - Minor Penalty to Evander Kane for Delaying the game.
17:08 of 2nd period - Minor Penalty to Brad Marchand for Tripping.
17:09 of 2nd period - Connor McDavid wins face-off versus Cole Sillinger in neutral zone.
17:42 of 2nd period - Shot by Andrei Svechnikov.
17:42 of 2nd period - Shot Misses the Net.
18:23 of 2nd period - Shot by Ivan Provorov.
18:23 of 2nd period - Stopped by Darcy Kuemper without a rebound.
18:24 of 2nd period - Gustav Nyquist wins face-off versus Cole Sillinger in PITTSBURGH Penguins zone.
18:47 of 2nd period - Shot by Oliver Bjorkstrand .
18:47 of 2nd period - Shot Misses the Net.
19:04 of 2nd period - Shot by Oliver Bjorkstrand .
19:04 of 2nd period - Shot Hit the Post.
19:06 of 2nd period - Shot by Gustav Nyquist.
19:06 of 2nd period - Stopped by Garret Sparks without a rebound.
19:07 of 2nd period - Jesperi Kotkaniemi wins face-off versus William Nylander in TAMPA BAY Lightning zone.
19:28 of 2nd period - Shot by Anders Lee.
19:28 of 2nd period - Shot Misses the Net.
19:30 of 2nd period - Shot by Anders Lee.
19:30 of 2nd period - Stopped by Darcy Kuemper with a rebound.
19:32 of 2nd period - Shot by Lawson Crouse.
19:32 of 2nd period - Shot Misses the Net.
19:34 of 2nd period - Shot by Martin Fehervary.
19:34 of 2nd period - Stopped by Darcy Kuemper with a rebound.
19:50 of 2nd period - Shot by Evgeny Kuznetsov.
19:50 of 2nd period - Shot Misses the Net.
Goals for this period are 3 for PITTSBURGH Penguins vs 1 for TAMPA BAY Lightning.
Shots for this period are 14 for PITTSBURGH Penguins vs 10 for TAMPA BAY Lightning.

3rd period


0:01 of 3rd period - Evgeny Kuznetsov wins face-off versus Connor McDavid in neutral zone.
0:03 of 3rd period - Ryan McDonagh is hit by Will Butcher and loses puck.
0:11 of 3rd period - Minor Penalty to Brad Marchand for Interference.
0:12 of 3rd period - Evander Kane wins face-off versus Connor McDavid in PITTSBURGH Penguins zone.
0:13 of 3rd period - Shot by Anders Lee.
0:13 of 3rd period - Stopped by Darcy Kuemper without a rebound.
0:14 of 3rd period - Connor McDavid wins face-off versus Evgeny Kuznetsov in PITTSBURGH Penguins zone.
1:17 of 3rd period - Shot by Mark Friedman.
1:17 of 3rd period - Shot Misses the Net.
1:21 of 3rd period - Shot by Kent Johnson.
1:21 of 3rd period - Stopped by Darcy Kuemper without a rebound.
1:22 of 3rd period - Connor McDavid wins face-off versus Oskar Sundqvist in PITTSBURGH Penguins zone.
1:22 of 3rd period - Jake Gardiner is hit by Lawson Crouse and loses puck.
2:13 of 3rd period - Icing by Evgeny Kuznetsov.
2:14 of 3rd period - Ross Colton wins face-off versus Denis Malgin in TAMPA BAY Lightning zone.
2:14 of 3rd period - Vitali Kravtsov is hit by Martin Fehervary and loses puck.
2:17 of 3rd period - Shot by Vitali Kravtsov.
2:17 of 3rd period - Stopped by Garret Sparks without a rebound.
2:18 of 3rd period - Ross Colton wins face-off versus Sam Steel in TAMPA BAY Lightning zone.
2:27 of 3rd period - Icing by Ross Colton.
2:28 of 3rd period - Denis Malgin wins face-off versus Ross Colton in PITTSBURGH Penguins zone.
2:39 of 3rd period - Shot by Alexander Barabanov.
2:39 of 3rd period - Stopped by Garret Sparks without a rebound.
2:40 of 3rd period - Evgeny Kuznetsov wins face-off versus Connor McDavid in TAMPA BAY Lightning zone.
2:40 of 3rd period - Evgeny Kuznetsov is hit by Connor McDavid.
2:58 of 3rd period - Shot by Mark Friedman.
2:58 of 3rd period - Shot Misses the Net.
3:00 of 3rd period - Shot by Anders Lee.
3:00 of 3rd period - Deflect By Evgeny Kuznetsov.
3:00 of 3rd period - Shot Misses the Net.
3:02 of 3rd period - Shot by Mark Friedman.
3:02 of 3rd period - Shot Misses the Net.
3:04 of 3rd period - Shot by Anders Lee.
3:04 of 3rd period - Goal by Anders Lee - PITTSBURGH Penguins : 5 - TAMPA BAY Lightning : 3.
3:05 of 3rd period - Oskar Sundqvist wins face-off versus William Nylander in neutral zone.
3:27 of 3rd period - William Nylander is hit by Ivan Provorov and loses puck.
3:57 of 3rd period - Icing by Ivan Provorov.
3:58 of 3rd period - Connor McDavid wins face-off versus Oskar Sundqvist in TAMPA BAY Lightning zone.
4:03 of 3rd period - Shot by Brad Marchand.
4:03 of 3rd period - Stopped by Garret Sparks without a rebound.
4:04 of 3rd period - Oliver Bjorkstrand wins face-off versus Evgeny Kuznetsov in TAMPA BAY Lightning zone.
4:11 of 3rd period - Shot by Connor McDavid.
4:11 of 3rd period - Shot Misses the Net.
4:19 of 3rd period - Shot by Brad Marchand.
4:19 of 3rd period - Stopped by Garret Sparks without a rebound.
4:20 of 3rd period - Cole Sillinger wins face-off versus Ross Colton in TAMPA BAY Lightning zone.
4:20 of 3rd period - Cole Sillinger is hit by Ross Colton.
4:23 of 3rd period - Minor Penalty to Ross Colton for Slashing.
4:24 of 3rd period - Connor McDavid wins face-off versus Evgeny Kuznetsov in PITTSBURGH Penguins zone.
5:25 of 3rd period - Minor Penalty to Jake Gardiner for Tripping.
5:26 of 3rd period - Oskar Sundqvist wins face-off versus Connor McDavid in PITTSBURGH Penguins zone.
6:22 of 3rd period - Evgeny Kuznetsov is hit by Andrei Svechnikov and loses puck.
7:27 of 3rd period - Shot by Gustav Nyquist.
7:27 of 3rd period - Deflect By Justin Kloos.
7:27 of 3rd period - Stopped by Garret Sparks without a rebound.
7:28 of 3rd period - Justin Kloos wins face-off versus Sam Steel in TAMPA BAY Lightning zone.
7:49 of 3rd period - Shot by Andrei Svechnikov.
7:49 of 3rd period - Stopped by Garret Sparks without a rebound.
7:50 of 3rd period - Ross Colton wins face-off versus Cole Sillinger in TAMPA BAY Lightning zone.
9:17 of 3rd period - Shot by Peter Cehlarik.
9:17 of 3rd period - Shot Blocked by Jake Gardiner.
9:28 of 3rd period - Minor Penalty to Lawson Crouse for Holding.
9:29 of 3rd period - Rasmus Asplund wins face-off versus Connor McDavid in TAMPA BAY Lightning zone.
9:46 of 3rd period - Shot by Connor McDavid.
9:46 of 3rd period - Goal by Connor McDavid - PITTSBURGH Penguins : 6 - TAMPA BAY Lightning : 3.
9:47 of 3rd period - Evgeny Kuznetsov wins face-off versus Justin Kloos in neutral zone.
10:06 of 3rd period - Shot by Andrei Svechnikov.
10:06 of 3rd period - Shot Misses the Net.
10:08 of 3rd period - Shot by Andrei Svechnikov.
10:08 of 3rd period - Goal by Andrei Svechnikov - PITTSBURGH Penguins : 7 - TAMPA BAY Lightning : 3.
10:09 of 3rd period - Connor McDavid wins face-off versus Oskar Sundqvist in neutral zone.
10:14 of 3rd period - Shot by Oliver Bjorkstrand .
10:14 of 3rd period - Shot Blocked by Oskar Sundqvist.
10:19 of 3rd period - Ryan McDonagh is hit by Will Butcher and loses puck.
10:30 of 3rd period - Shot by Kent Johnson.
10:30 of 3rd period - Shot Misses the Net.
10:32 of 3rd period - Shot by Kent Johnson.
10:32 of 3rd period - Shot Misses the Net.
10:43 of 3rd period - Shot by Oskar Sundqvist.
10:43 of 3rd period - Stopped by Darcy Kuemper without a rebound.
10:44 of 3rd period - Evgeny Kuznetsov wins face-off versus Gustav Nyquist in PITTSBURGH Penguins zone.
10:45 of 3rd period - Shot by Anders Lee.
10:45 of 3rd period - Shot Misses the Net.
11:17 of 3rd period - Shot by Evgeny Kuznetsov.
11:17 of 3rd period - Shot Misses the Net.
11:23 of 3rd period - Shot by Andrei Svechnikov.
11:23 of 3rd period - Shot Blocked by Mark Friedman.
12:29 of 3rd period - Vitali Kravtsov is hit by Lawson Crouse and loses puck.
13:09 of 3rd period - Icing by Mark Friedman.
13:10 of 3rd period - Evgeny Kuznetsov wins face-off versus Andrei Svechnikov in TAMPA BAY Lightning zone.
13:10 of 3rd period - Anders Lee is hit by Andrei Svechnikov and loses puck.
13:21 of 3rd period - Shot by William Nylander.
13:21 of 3rd period - Shot Misses the Net.
13:23 of 3rd period - Shot by Andrei Svechnikov.
13:23 of 3rd period - Shot Misses the Net.
13:25 of 3rd period - Shot by Andrei Svechnikov.
13:25 of 3rd period - Shot Misses the Net.
13:27 of 3rd period - Shot by Andrei Svechnikov.
13:27 of 3rd period - Stopped by Garret Sparks without a rebound.
13:28 of 3rd period - Oskar Sundqvist wins face-off versus Connor McDavid in TAMPA BAY Lightning zone.
13:51 of 3rd period - Shot by Brad Marchand.
13:51 of 3rd period - Stopped by Garret Sparks without a rebound.
13:52 of 3rd period - William Nylander wins face-off versus Cole Sillinger in TAMPA BAY Lightning zone.
13:57 of 3rd period - Shot by Gustav Nyquist.
13:57 of 3rd period - Stopped by Garret Sparks without a rebound.
13:58 of 3rd period - William Nylander wins face-off versus Cole Sillinger in TAMPA BAY Lightning zone.
14:13 of 3rd period - Shot by Gustav Nyquist.
14:13 of 3rd period - Stopped by Garret Sparks without a rebound.
14:14 of 3rd period - Oskar Sundqvist wins face-off versus Connor McDavid in TAMPA BAY Lightning zone.
14:14 of 3rd period - Oskar Sundqvist is hit by Oliver Bjorkstrand .
14:19 of 3rd period - Icing by Evander Kane.
14:20 of 3rd period - Connor McDavid wins face-off versus Oskar Sundqvist in TAMPA BAY Lightning zone.
14:29 of 3rd period - Shot by Oliver Bjorkstrand .
14:29 of 3rd period - Shot Blocked by Martin Fehervary.
14:35 of 3rd period - Shot by Connor McDavid.
14:35 of 3rd period - Stopped by Garret Sparks with a rebound.
14:59 of 3rd period - Shot by Oliver Bjorkstrand .
14:59 of 3rd period - Stopped by Garret Sparks without a rebound.
15:00 of 3rd period - Jesperi Kotkaniemi wins face-off versus William Nylander in TAMPA BAY Lightning zone.
15:27 of 3rd period - Shot by William Nylander.
15:27 of 3rd period - Deflect By Andrei Svechnikov.
15:27 of 3rd period - Shot Blocked by Ryan McDonagh .
15:29 of 3rd period - Shot by Andrei Svechnikov.
15:29 of 3rd period - Shot Misses the Net.
15:31 of 3rd period - Shot by Gustav Nyquist.
15:31 of 3rd period - Stopped by Garret Sparks with a rebound.
15:33 of 3rd period - Shot by Gustav Nyquist.
15:33 of 3rd period - Stopped by Garret Sparks with a rebound.
17:23 of 3rd period - Jake Gardiner is hit by Anders Lee and loses puck.
17:31 of 3rd period - Connor McDavid is hit by Anders Lee and loses puck.
17:55 of 3rd period - Jake Gardiner is hit by Artem Zub and loses puck.
18:13 of 3rd period - Off-side.
18:14 of 3rd period - Oskar Sundqvist wins face-off versus William Nylander in neutral zone.
18:34 of 3rd period - Off-side.
18:35 of 3rd period - Jesperi Kotkaniemi wins face-off versus Ross Colton in neutral zone.
18:43 of 3rd period - Shot by Rasmus Asplund.
18:43 of 3rd period - Stopped by Darcy Kuemper without a rebound.
18:44 of 3rd period - Oskar Sundqvist wins face-off versus William Nylander in PITTSBURGH Penguins zone.
18:44 of 3rd period - Oskar Sundqvist is hit by Adam Larsson.
18:58 of 3rd period - Shot by Kent Johnson.
18:58 of 3rd period - Stopped by Darcy Kuemper without a rebound.
18:59 of 3rd period - Ross Colton wins face-off versus Evgeny Kuznetsov in PITTSBURGH Penguins zone.
19:22 of 3rd period - Shot by Ryan McDonagh .
19:22 of 3rd period - Shot Blocked by Vitali Kravtsov.
19:24 of 3rd period - Shot by Ryan McDonagh .
19:24 of 3rd period - Shot Misses the Net.
19:38 of 3rd period - Shot by Anders Lee.
19:38 of 3rd period - Deflect By Evgeny Kuznetsov.
19:38 of 3rd period - Stopped by Darcy Kuemper with a rebound.
19:40 of 3rd period - Shot by Anders Lee.
19:40 of 3rd period - Shot Misses the Net.
Goals for this period are 2 for PITTSBURGH Penguins vs 1 for TAMPA BAY Lightning.
Shots for this period are 16 for PITTSBURGH Penguins vs 7 for TAMPA BAY Lightning.